Map: Cactus Valley LE

Players

qxc

  • Race: Terran Terran
  • Spawn Location: 1:00

Player1 (Miso) - Winner!

  • Race: Terran Terran
  • Spawn Location: 5:00

Event: LycanGTV LotV Beta Tournament 1

VOD

Have the link to the VOD?

Description

Time

  • Played on: April 2, 2015, 1:35 p.m.
  • Length: 11:55

All games in this series

Show
View Real Time Build Order
Export as new Build Order

qxc Terran 

Build Orders: 1/1/1, Bio Tank, Banshee Rush 

Get SALT Encoding   

  12  0:01  SCV  
  13  0:15  Supply Depot  
  13  0:17  SCV  
  14  0:30  SCV, Refinery  
  15  0:42  SCV  
  16  0:46  Barracks  
  16  0:54  SCV  
  17  1:06  SCV  
  18  1:18  SCV  
  19  1:32  Orbital Command  
  19  1:33  Factory, Marine  
  19  1:37  Refinery  
  20  1:49  Supply Depot  
  20  1:50  Marine  
  21  1:59  SCV  
  22  2:12  SCV  
  22  2:16  Marine  
  22  2:20  Starport  
  22  2:21  Hellion  
  25  2:24  SCV  
  26  2:31  Supply Depot  
  26  2:33  Marine  
  26  2:36  SCV  
  28  2:42  Factory Tech Lab  
  28  2:48  SCV  
  29  2:53  Marine  
  30  3:00  SCV  
  30  3:03  Supply Depot  
  31  3:07  Banshee, Cloaking Field  
  31  3:12  SCV  
  36  3:20  Factory Tech Lab  
  36  3:21  Barracks Reactor  
  36  3:24  SCV  
  36  3:35  Command Center  
  36  3:43  Siege Tank  
  36  3:47  SCV  
  40  3:53  Banshee  
  43  4:02  Marine x2  
  45  4:03  SCV  
  45  4:06  Supply Depot  
  46  4:16  SCV  
  47  4:17  Siege Tank  
  47  4:28  Marine x2  
  49  4:31  Barracks  
  49  4:35  Banshee  
  52  4:43  SCV  
  53  4:47  Marine  
  53  4:48  Marine  
  53  4:49  Barracks  
  55  4:58  Orbital Command  
  55  5:00  SCV  
  55  5:06  Siege Tank  
  59  5:14  SCV  
  59  5:20  Barracks Tech Lab, Marine x2  
  62  5:24  SCV, Banshee  
  62  5:26  SCV  
  64  5:34  Missile Turret  
  64  5:36  SCV, Marine  
  64  5:38  SCV, Marine  
  64  5:40  Marine  
  64  5:45  Marine  
  64  5:48  SCV  
  64  5:52  SCV  
  56  5:59  Marine  
  56  6:00  SCV, Marine  
  56  6:04  Barracks Tech Lab  
  58  6:06  Stimpack  
  58  6:08  SCV  
  55  6:15  SCV  
  55  6:18  Banshee  
  54  6:21  SCV  
  53  6:27  Siege Tank  
  53  6:28  SCV  
  53  6:30  Marine  
  53  6:31  Marine  
  56  6:35  Marine x2  
  56  6:38  Combat Shields  
  58  6:43  SCV  
  58  6:46  SCV  
  57  6:50  Missile Turret  
  57  6:55  SCV  
  57  6:56  Missile Turret  
  57  6:58  Marine x3  
  60  7:03  Banshee  
  54  7:10  SCV  
  54  7:14  Siege Tank  
  55  7:22  SCV  
  56  7:27  SCV  
  56  7:28  Marine x2  
  56  7:29  Marine x2  
  59  7:34  SCV, Refinery  
  60  7:39  SCV  
  53  7:46  SCV, Marine x3  
  53  7:47  Marine  
  58  7:52  SCV  
  58  8:03  Siege Tank  
  58  8:04  SCV, Marine x4  
  61  8:11  Banshee  
  61  8:12  Refinery  
  65  8:17  Supply Depot  
  64  8:22  Barracks, Marine x3  
  64  8:25  Marine  
  67  8:32  Engineering Bay, Barracks  
  67  8:36  Siege Tank  
  67  8:39  Marine  
  67  8:40  Marine  
  73  8:43  Marine  
  74  8:57  Marine  
  74  8:58  Marine  
  75  9:05  Starport Reactor  
  75  9:06  Barracks Reactor  
  75  9:09  Siege Tank  
  78  9:15  Marine  
  76  9:17  Terran Infantry Weapons Level 1, Supply Depot  
  76  9:18  Barracks Reactor, Supply Depot x2  
  76  9:20  Barracks Reactor, Marine  
  78  9:33  Marine  
  78  9:34  Barracks Reactor  
  78  9:38  Marine  
  78  9:39  Command Center  
  78  9:40  Supply Depot  
  78  9:41  Supply Depot  
  79  9:47  SCV, Marine x2  
  79  9:52  SCV  
  66  9:56  Marine x2  
  66  9:57  Refinery  
  66  9:58  Medivac x2  
  73  10:00  SCV  
  73  10:04  SCV  
  73  10:06  Marine x2  
  74  10:09  Marine x2  
  74  10:11  Command Center  
  74  10:12  SCV  
  77  10:16  SCV  
  77  10:18  Marine x2  
  77  10:21  Siege Tank  
  77  10:24  SCV  
  77  10:26  Marine x2  
  77  10:27  Marine  
  77  10:28  Marine  
  67  10:30  Orbital Command  
  62  10:35  Marine  
  62  10:36  SCV  
  62  10:39  Marine x2  
  62  10:40  Marine x2  
  63  10:48  SCV, Marine x2  
  65  10:50  Marine x2  
  65  10:56  Siege Tank  
  70  10:57  SCV  
  70  10:59  Marine  
  70  11:00  SCV, Marine  
  70  11:02  Barracks Reactor  
  74  11:08  Marine  
  74  11:09  Marine  
  76  11:12  SCV  
  76  11:18  Marine x3  
  71  11:20  Marine  
  71  11:26  Marine x3  
  71  11:28  Refinery  
  74  11:36  Marine x3  
  74  11:37  Marine  
Show
View Real Time Build Order
Export as new Build Order

Player1 Terran - Winner!

Build Orders: Factory Expand 

Get SALT Encoding   

  12  0:01  SCV  
  13  0:13  Supply Depot  
  13  0:17  SCV  
  14  0:30  SCV  
  14  0:35  Barracks  
  15  0:43  Refinery  
  15  0:45  SCV  
  16  0:57  SCV  
  16  0:58  Refinery  
  17  1:09  SCV  
  18  1:24  Orbital Command  
  19  1:25  Reaper  
  19  1:46  Factory  
  19  1:49  SCV  
  19  1:53  Supply Depot  
  20  1:58  Barracks Reactor  
  20  2:01  SCV  
  21  2:15  SCV  
  21  2:24  Command Center  
  21  2:33  Starport  
  21  2:37  Marine  
  21  2:38  Marine  
  21  2:42  Widow Mine  
  25  2:46  SCV  
  26  2:54  Supply Depot  
  26  2:58  SCV  
  27  3:00  Engineering Bay  
  27  3:07  Marine x2  
  29  3:14  Viking  
  31  3:26  Missile Turret  
  31  3:29  Missile Turret  
  31  3:35  SCV  
  31  3:37  Orbital Command  
  32  3:43  Missile Turret  
  32  3:51  Viking  
  34  3:56  SCV  
  34  3:59  Factory Tech Lab  
  35  4:07  SCV  
  35  4:08  SCV  
  36  4:19  SCV  
  36  4:20  SCV  
  38  4:30  Banshee  
  41  4:31  SCV  
  41  4:32  SCV, Cloaking Field  
  41  4:33  Factory Tech Lab  
  41  4:34  Marine x2  
  45  4:39  Supply Depot  
  45  4:44  SCV x2  
  47  4:55  Supply Depot, Siege Tank  
  47  4:56  SCV x2  
  47  4:57  Marine x2  
  54  5:08  SCV  
  54  5:09  SCV  
  54  5:13  Banshee  
  58  5:15  Supply Depot  
  58  5:20  SCV  
  58  5:21  SCV  
  58  5:26  Marine  
  58  5:27  Marine  
  58  5:28  Siege Tank  
  62  5:30  Supply Depot  
  62  5:32  SCV  
  62  5:33  SCV  
  63  5:44  SCV  
  63  5:45  SCV  
  62  5:56  SCV  
  54  5:57  SCV  
  54  5:58  Marine x2  
  54  5:59  Banshee  
  57  6:08  SCV  
  57  6:09  SCV  
  58  6:16  Marine x2  
  57  6:21  SCV x2  
  57  6:23  Siege Tank  
  60  6:33  SCV x2  
  60  6:34  Marine x2  
  60  6:35  Missile Turret  
  64  6:44  Barracks  
  62  6:48  SCV  
  62  6:52  SCV, Marine x2  
  66  7:00  SCV  
  67  7:04  SCV  
  67  7:05  Siege Tank  
  71  7:10  Marine x2  
  73  7:16  SCV  
  73  7:18  SCV  
  75  7:27  Marine  
  75  7:28  SCV  
  76  7:33  Barracks  
  76  7:34  SCV  
  76  7:35  Refinery x2  
  76  7:37  Starport Reactor  
  76  7:40  SCV  
  74  7:45  Siege Tank  
  74  7:47  Marine x2  
  74  7:48  SCV  
  74  7:49  Stimpack  
  80  7:52  SCV  
  76  8:02  SCV  
  76  8:04  SCV  
  72  8:06  Marine x3  
  72  8:09  Terran Infantry Weapons Level 1  
  72  8:10  Barracks  
  72  8:11  Barracks  
  75  8:14  SCV  
  75  8:19  Siege Tank  
  79  8:20  SCV  
  79  8:23  Barracks Reactor  
  79  8:24  Marine x3  
  84  8:28  Supply Depot x2  
  84  8:31  Supply Depot  
  84  8:32  Medivac  
  85  8:42  Marine  
  86  8:49  Medivac, Marine x2  
  89  8:56  Marine  
  89  8:59  SCV  
  89  9:00  Marine  
  89  9:01  Marine x2  
  94  9:03  Siege Tank  
  94  9:07  Marine x2  
  97  9:12  SCV  
  97  9:13  Medivac  
  99  9:18  Marine  
  99  9:19  Marine x2  
  102  9:25  Marine x2  
  102  9:26  Barracks Reactor  
  102  9:27  Supply Depot x2, Barracks Reactor  
  102  9:28  SCV  
  103  9:35  Siege Tank, Marine  
  103  9:37  Marine x2  
  109  9:40  Command Center  
  109  9:42  Marine  
  110  9:46  Marine  
  92  9:53  Marine  
  92  9:54  Marine  
  92  9:55  Marine  
  95  10:00  Marine  
  95  10:03  Marine x4  
  95  10:04  Marine  
  95  10:06  Combat Shields  
  101  10:11  Marine  
  101  10:12  Marine x2  
  104  10:18  Marine  
  104  10:20  Marine  
  104  10:21  Marine x3  
  102  10:22  Siege Tank, Marine  
  98  10:29  Marine, Medivac x2  
  99  10:38  Marine  
  99  10:41  Marine  
  99  10:42  Marine x2  
  99  10:51  Armory, Marine  
  99  10:54  Siege Tank  
  99  10:55  SCV, Marine  
  103  10:57  Marine  
  103  10:58  Marine x2  
  103  11:00  Medivac  
  103  11:03  SCV  
  109  11:04  Marine x4  
  109  11:11  Marine  
  114  11:15  Marine  
  114  11:16  SCV x2  
  114  11:18  Marine x3  
  117  11:22  Marine, Medivac  
  117  11:24  Engineering Bay, Marine x3  
  126  11:32  Marine  
  126  11:33  Marine  
  126  11:36  Marine  

Tags
 
Add a new tag
Caveats
  • Supply blocks, unpowered buildings, or Contaminate may cause inaccurate times.
  • Supply counts are checked every 10 seconds.